 Dungeon Crawl Stone Soup version 0.30-b1-2-g02819fbbbe (webtiles) character file.

Game seed: 2369087532234402718

45 sanka the Ducker (level 3, 0/29 HPs)
             Began as a Demigod Enchanter on May 17, 2023.
             Slain by a gnoll
             ... wielding a +0 flail
              (6 damage)
             ... on level 2 of the Dungeon.
             The game lasted 00:01:49 (1188 turns).

sanka the Ducker (Demigod Enchanter)                Turns: 1188, Time: 00:01:50

Health: 0/29       AC:  2    Str:  9    XL:     3   Next: 25%
Magic:  8/8        EV: 13    Int: 17    God:
Gold:   84         SH:  0    Dex: 18    Spells: 6/6 levels left

rFire   . . .        d - +0 glaive
rCold   . . .        (shield currently unavailable)
rNeg    . . .        b - +0 robe
rPois   .            (no helmet)
rElec   .            (no cloak)
rCorr   .            (no gloves)
SInv    .            (no boots)
Will    .....        (no amulet)
Stlth   ++           (no ring)
HPRegen 0.24/turn    (no ring)
MPRegen 0.11/turn

%: no passive effects
@: no status effects
A: high MP 1, forlorn, divine attributes
a: no special abilities


You were on level 2 of the Dungeon.
You visited 1 branch of the dungeon, and saw 2 of its levels.

You collected 84 gold pieces.

Inventory:

Hand Weapons
 a - a +1 dagger
 d - a +0 glaive (weapon)
Armour
 b - a +0 robe (worn)
Scrolls
 e - 2 scrolls of identify {unknown}
 g - a scroll of acquirement {unknown}
 h - 2 scrolls of teleportation {unknown}
 i - a scroll of enchant weapon {unknown}
 j - a scroll of brand weapon {unknown}
Potions
 c - 2 potions of invisibility
 f - a potion of haste {unknown}


   Skills:
 + Level 1.7 Fighting
 - Level 0.8 Short Blades
 + Level 2.7 Dodging
 - Level 2.6 Stealth
 - Level 2.0 Spellcasting
 - Level 2.6 Hexes


You had 6 spell levels left.
You didn't know any spells.
Your spell library contained the following spells:

 Spells                   Type           Power      Damage    Failure   Level
 Ensorcelled Hibernation  Hex/Ice        12%        N/A       17%         2
 Kiss of Death            Conj/Necr      4%         2d5       19%         1
 Confusing Touch          Hex            10%        N/A       19%         3
 Tukima's Dance           Hex            10%        N/A       19%         3
 Cigotuvi's Dreadful Rot  Necr/Pois/Air  2%         N/A       28%         2
 Dazzling Flash           Conj/Hex       12%        N/A       32%         3
 Passage of Golubria      Tloc           1%         N/A       88%         4
 Yara's Violent Unravell  Hex/Tmut       3%         3d4       97%         5
 Simulacrum               Ice/Necr       0%         N/A       100%        6
 Storm Form               Tmut/Air       0%         N/A       100%        7


Dungeon Overview and Level Annotations

Branches:
Dungeon (2/15)


Innate Abilities, Weirdness & Mutations

You have an increased reservoir of magic. (+10% MP)
You shall have no god before yourself.
Your divine heritage dramatically boosts your attributes as you level up.


Message History

The giant cockroach is almost dead.
The giant cockroach bites you.
The giant cockroach bites you but does no damage.
You hit the giant cockroach.
You kill the giant cockroach!
No target in view!
You see here a giant cockroach corpse.
A kobold comes into view. It is wielding a +0 dagger.
The kobold moves out of view.
A kobold is nearby!
A kobold is nearby!
The kobold shouts!
The kobold throws a stone.
The stone hits you.
You slash the kobold!
You kill the kobold!
No target in view!
No target in view!
e - 2 scrolls labelled XOMYRA COEPT (gained 1)
You now have 84 gold pieces (gained 8).
Items here: ( ) [ †.
Found a stone staircase leading down.
Found a stone staircase leading up.
The adder hisses angrily.
You barely miss the gnoll.
The gnoll shouts!
The gnoll hits you with a +0 whip!
You barely miss the gnoll. The gnoll hits you with a +0 whip. x2
The gnoll shouts!
You hit the gnoll.
The gnoll is lightly wounded.
The gnoll misses you. The gnoll hits you with a +0 whip.
You hit the gnoll.
The gnoll is moderately wounded.
The gnoll closely misses you. The gnoll hits you with a +0 whip!
* * * LOW HITPOINT WARNING * * *
Unknown command.
You hit the gnoll.
The gnoll is heavily wounded.
The gnoll barely misses you. The gnoll hits you with a +0 flail.
You die...

### .... ..# ... #... #.#
... #<.. #.# #.. #...
#####.## #.. #...
#...#..####.. .###...
#.........#.. ..>....####
#...##.##.#.#
##..Sg@.####.###.##.)..
#.#.###g.....# #.####.#
.... #.###### #.# #.# #..#
#.# #.# #.. #..# #.# #.#
#.# #..# #.# #.####.#
###..#....# #......#
#..).g....## #..###.#
#.#####g#..........#####..#
#.#


You could see 2 gnolls and an adder.

Vanquished Creatures
  2 gnolls (D:2)
  3 ball pythons (D:1)
  3 bats (D:1)
  2 endoplasms
  2 giant cockroaches
  4 goblins (D:1)
  3 kobolds
  A quokka (D:1)
  A frilled lizard (D:1)
  5 rats
26 creatures vanquished.

Notes
Turn   | Place    | Note
-------+----------+-------------------------------------------
     0 | D:1      | sanka the Demigod Enchanter began the quest for the Orb.
     0 | D:1      | Reached XP level 1. HP: 14/14 MP: 5/5
   111 | D:1      | Got the Precepts of Fluctuating Nightshade
   266 | D:1      | Reached XP level 2. HP: 22/22 MP: 7/7
   398 | D:1      | Reached skill level 1 in Fighting
   985 | D:2      | Reached XP level 3. HP: 13/28 MP: 8/8
  1188 | D:2      | Slain by a gnoll

Illustrated notes

Levels and vault maps discovered:
D:1:      spicycebolla_arrival_risky_transporter, layout_basic,
          chequers_serial_rivers_small_a
D:2:      layout_loops_ring, uniq_jessica, uniq_sigmund

Skill      XL: |  1  2 |
---------------+-------+-----
Spellcasting   | 2 |  2.0
Dodging        | 2 |  2.7
Fighting       | 1 |  1.7
Short Blades   | |  0.8
Stealth        | |  2.6
Hexes          | |  2.6

Action                     || total
---------------------------++-------
  Melee: Glaive            ||    60
         Dagger            ||     7
   Stab: Sleeping          ||     3
 Armour: Robe              ||     9
  Dodge: Dodged            ||    44
